 Dungeon Crawl Stone Soup version 0.31-a0-161-gb58dd9be76 (webtiles) character file.

Game seed: 5667991124866821195

20666 qw the Cleaver (level 12, -2/77 HPs)
             Began as a Gargoyle Fighter on June 12, 2023.
             Was an Elder of Okawaru.
             Slain by a seven-headed hydra (4 damage)
             ... on level 3 of the Lair of Beasts.
             The game lasted 00:06:34 (12764 turns).

qw the Cleaver (Gargoyle Fighter)                  Turns: 12764, Time: 00:06:34

Health: -2/77      AC: 34    Str: 23    XL:     12   Next: 81%
Magic:  18/18      EV: 14    Int: 11    God:    Okawaru [****..]
Gold:   954        SH:  6    Dex:  9    Spells: 11/11 levels left

rFire   . . .        t - +0 morningstar
rCold   + . .        c - +0 buckler
rNeg    + . .        a - +2 plate armour
rPois   inf          j - +2 hat
rElec   +            h - +0 cloak {Will+}
rCorr   .            (no gloves)
SInv    .            b - +2 pair of boots {rampage}
Will    +....        (no amulet) Stlth
                     l - ring of protection from cold
HPRegen 0.32/turn    o - +5 ring of evasion
MPRegen 0.16/turn

%: rampage
@: heroic, marked
A: sickness immunity, AC +8, negative energy resistance 1, electricity
resistance, torment resistance 1, petrification resistance
a: Renounce Religion, Heroism, Finesse


You were on level 3 of the Lair of Beasts.
You worshipped Okawaru.
Okawaru was greatly pleased with you.
You visited 2 branches of the dungeon, and saw 12 of its levels.
You also visited: Ossuary.

You collected 954 gold pieces.


Innate Abilities, Weirdness & Mutations

You are immune to sickness and miasma.
Your stone body is resilient. (AC +8)
You are immune to poison.
You resist negative energy. (rN+)
You are resistant to electric shocks. (rElec)
You are resistant to unholy torment.
You are immune to petrification.


   Skills:
 - Level 10.0(15.0) Fighting
 + Level 13.4(18.4) Axes
 - Level 2.8(7.8) Throwing
 - Level 9.0(14.0) Armour
 - Level 2.4(7.4) Dodging
 - Level 6.0(11.0) Shields
 + Level 8.1 Invocations


You had 11 spell levels left.
You didn't know any spells.
Your spell library was empty.

Inventory:

Hand Weapons
 t - a +0 morningstar (weapon)
 u - a +1 broad axe
Armour
 a - a +2 plate armour (worn)
 b - a +2 pair of boots of rampaging (worn)
 c - a +0 buckler (worn)
 f - +0 fire dragon scales
 h - a +0 cloak of willpower (worn)
 j - a +2 hat (worn)
 v - +0 acid dragon scales
Jewellery
 l - a ring of protection from cold (left hand)
 n - a ring of ice
 o - a +5 ring of evasion (right hand)
 s - a ring of resist corrosion
 Y - a ring of resist corrosion
Scrolls
 i - 7 scrolls of identify
 k - 5 scrolls of teleportation
Potions
 d - 4 potions of might
 e - 3 potions of resistance
 m - 4 potions of mutation
 q - a potion of magic
 r - 5 potions of curing
 w - a potion of lignification

Dungeon Overview and Level Annotations

Branches:
Dungeon (9/15)             Temple (0/1) D:7            Lair (3/5) D:9
  Snake (0/4) Lair:2      Ossuary (visited)
  Swamp: Lair:2-3    Shoals: Lair:2-3       Orc: D:9-12

Altars:
Ashenzari
Dithmenos
Fedhas
Gozag
Makhleb
Nemelex Xobeh
Okawaru
Qazlal
Ru
Sif Muna
Trog
Uskayaw
Vehumet
Wu Jian
Xom
The Shining One

Shops:
D:1 [   D:6 :*

Annotations:
D:5 2 runed translucent doors
Lair:2 2 transporters


Message History

t - a +0 morningstar (weapon)
You bludgeon the eight-headed hydra!!
The eight-headed hydra is almost dead.
You block the seven-headed hydra's attack.
The seven-headed hydra bites you.
The seven-headed hydra bites you but does no damage.
You block the seven-headed hydra's attack. x2
The seven-headed hydra barely misses you.
The seven-headed hydra bites you but does no damage.
The eight-headed hydra barely misses you.
The eight-headed hydra bites you but does no damage.
You block the eight-headed hydra's attack.
The eight-headed hydra bites you but does no damage.
The eight-headed hydra closely misses you.
The eight-headed hydra barely misses you.
The eight-headed hydra bites you but does no damage.
The eight-headed hydra completely misses you.
You hit the eight-headed hydra.
You kill the eight-headed hydra!
Okawaru is honoured by your kill.
You can now speed up your combat.
The seven-headed hydra completely misses you.
The seven-headed hydra closely misses you. x2
You block the seven-headed hydra's attack.
The seven-headed hydra bites you but does no damage.
The seven-headed hydra barely misses you.
You block the seven-headed hydra's attack.
The cane toad stings you but does no damage.
You hit the seven-headed hydra.
The seven-headed hydra is lightly wounded.
The eight-headed hydra bites you!
The eight-headed hydra bites you but does no damage. x2
The eight-headed hydra closely misses you.
The eight-headed hydra completely misses you.
The eight-headed hydra barely misses you.
The eight-headed hydra bites you but does no damage. x2
The cane toad stings you but does no damage.
The komodo dragon bites you.
You block the seven-headed hydra's attack.
The seven-headed hydra bites you. x2
You die...

###.....P....
#P..###P#..##
#....####### ###
#...#####
#####.####...##..#
77...#..##.......##
7..............^..###
7...................#
77...D@............##
7....lDF.#..........#
77..ll..###........##
7.....###.........#
7......###........##
777..................#
7...................##
77..%...............#
7...lF..............#


You could see an eight-headed hydra, a seven-headed hydra, a komodo dragon, a
cane toad, a basilisk and an iguana.

Vanquished Creatures
  2 hydras
  A catoblepas (Lair:2)
  Sonja (Lair:2)
  A lindwurm (Lair:1)
  4 elephants
  2 black mambas (Lair:1)
  A torpor snail (Lair:1)
  Maggie (Lair:1)
  8 cane toads
  A rime drake (Lair:2)
  6 komodo dragons
  A polar bear (Lair:1)
  A tyrant leech (Lair:3)
  A dream sheep (Lair:1)
  Grinder (D:5)
  2 wyverns
  25 yaks
  3 basilisks
  Eustachio (D:4)
  2 steam dragons
  2 acid dragons (D:9)
  4 nagas (Lair:2)
  2 swamp worms (Lair:3)
  Edmund (D:4)
  9 water moccasins
  Duvessa (D:7)
  An orc warrior (D:9)
  4 black bears
  2 sky beasts
  2 ogres
  A wolf (Lair:1)
  2 centaurs
  A kobold brigand (D:7)
  9 bullfrogs
  Blork the orc (D:5)
  A gnoll sergeant (D:9)
  4 scorpions
  7 wights
  Dowan (D:7)
  5 killer bees (D:9)
  A howler monkey (D:8)
  2 jellies
  4 hounds
  4 orc priests
  2 gnoll boudas
  An iguana (D:6)
  2 sleepcaps
  Ijyb (D:3)
  Natasha (twice) (D:2)
  5 orc wizards
  8 mummies (Ossuary)
  14 gnolls
  10 adders
  A river rat (D:3)
  A white imp (D:7)
  An ufetubus (D:4)
  4 worms
  5 dart slugs
  29 orcs
  11 ball pythons
  8 endoplasms
  7 giant cockroaches
  9 goblins
  10 hobgoblins
  2 jackals (D:2)
  6 quokkas
  4 bats
  3 frilled lizards
  A gnoll zombie (Ossuary)
  3 hobgoblin zombies (Ossuary)
  11 kobolds
  2 kobold zombies (Ossuary)
  2 orc zombies (Ossuary)
  4 rats
305 creatures vanquished.

Notes
Turn   | Place    | Note
-------+----------+-------------------------------------------
     0 | D:1      | qw the Gargoyle Fighter began the quest for the Orb.
     0 | D:1      | Reached XP level 1. HP: 14/14 MP: 1/1
     0 | D:1      | 0 ||| qw: Version: 0.2-a-29-gc1b59c4
     0 | D:1      | 0 ||| qw: Game counter: 4255
     0 | D:1      | 0 ||| qw: Always use a shield: true
     0 | D:1      | 0 ||| qw: God list: Okawaru
     0 | D:1      | 0 ||| qw: Allow faded altars: false
     0 | D:1      | 0 ||| qw: Do Orc after D:15 true
     0 | D:1      | 0 ||| qw: Do second Lair branch before Depths: true
     0 | D:1      | 0 ||| qw: Lair rune preference: random
     0 | D:1      | 0 ||| qw: Plans: Normal, Zot:1-4, Slime:5, God:TSO, Crypt,
                  | Tomb, Abyss, Pan, Hells, Win
     0 | D:1      | 0 ||| PLANNING D:1-11
     2 | D:1      | Noticed a demigod
     2 | D:1      | Noticed a vine stalker
     4 | D:1      | Noticed a draconian
     4 | D:1      | Noticed an elf
     6 | D:1      | Noticed a minotaur
     6 | D:1      | Noticed a gargoyle
     8 | D:1      | Noticed a naga
    10 | D:1      | Noticed a troll
    10 | D:1      | Noticed a formicid
    12 | D:1      | Noticed a human
    12 | D:1      | Noticed an armataur
    14 | D:1      | Noticed a ghoul
    14 | D:1      | Noticed an ogre
    16 | D:1      | Noticed a felid
    16 | D:1      | Noticed a tengu
    18 | D:1      | Noticed a vampire
    18 | D:1      | Noticed an octopode
    20 | D:1      | Noticed a merfolk
    20 | D:1      | Noticed a meteoran
    22 | D:1      | Noticed a demonspawn
    24 | D:1      | Noticed a spriggan
    26 | D:1      | Noticed a spriggan
    26 | D:1      | Noticed a human
    51 | D:1      | 51 ||| Stepping ~*~*~tactically~*~*~ (hiding).
    59 | D:1      | Reached skill level 2 in Axes
   170 | D:1      | 170 ||| Stepping ~*~*~tactically~*~*~ (hiding).
   172 | D:1      | 172 ||| Stepping ~*~*~tactically~*~*~ (hiding).
   202 | D:1      | 202 ||| FLEEEEING.
   203 | D:1      | 203 ||| FLEEEEING.
   206 | D:1      | 206 ||| FLEEEEING.
   214 | D:1      | Reached XP level 2. HP: 19/19 MP: 2/2
   222 | D:1      | 222 ||| Stepping ~*~*~tactically~*~*~ (stealth).
   223 | D:1      | 223 ||| Stepping ~*~*~tactically~*~*~ (stealth).
   281 | D:1      | 281 ||| DROPPING +0 club.
   288 | D:1      | 288 ||| Stepping ~*~*~tactically~*~*~ (stealth).
   289 | D:1      | 289 ||| Stepping ~*~*~tactically~*~*~ (stealth).
   300 | D:1      | 300 ||| Stepping ~*~*~tactically~*~*~ (hiding).
   301 | D:1      | 301 ||| Stepping ~*~*~tactically~*~*~ (hiding).
   302 | D:1      | 302 ||| Stepping ~*~*~tactically~*~*~ (hiding).
   549 | D:1      | Reached skill level 3 in Axes
   579 | D:1      | Reached XP level 3. HP: 19/23 MP: 3/3
   610 | D:1      | Found a faded altar of an unknown god.
   696 | D:1      | 696 ||| Stepping ~*~*~tactically~*~*~ (hiding).
   697 | D:1      | 697 ||| Stepping ~*~*~tactically~*~*~ (hiding).
   698 | D:1      | 698 ||| Stepping ~*~*~tactically~*~*~ (hiding).
   699 | D:1      | 699 ||| Stepping ~*~*~tactically~*~*~ (hiding).
   834 | D:1      | 834 ||| Stepping ~*~*~tactically~*~*~ (stealth).
  1106 | D:1      | Found Nigeum's Antique Armour Emporium.
  1114 | D:1      | 1114 ||| SHOPLISTING chain mail (117 gold, have 58).
  1114 | D:1      | 1114 ||| SHOPLISTING pair of gloves (117 gold, have 58).
  1114 | D:1      | 1114 ||| SHOPLISTING pair of runed gloves (195 gold, have
                  | 58).
  1114 | D:1      | 1114 ||| SHOPLISTING plate armour (598 gold, have 58).
  1114 | D:1      | 1114 ||| SHOPLISTING shadow dragon scales (2080 gold, have
                  | 58).
  1114 | D:1      | 1114 ||| SHOPLISTING shiny buckler (195 gold, have 58).
  1142 | D:1      | 1142 ||| UPGRADING to +2 hat.
  1147 | D:1      | 1147 ||| UPGRADING to ring of resist corrosion.
  1148 | D:1      | 1148 ||| READING scroll labelled HIYDOI KATUTH.
  1149 | D:1      | 1149 ||| READING 3 scrolls labelled BAUNAU POCEBLE.
  1150 | D:1      | 1150 ||| READING scroll labelled TOLOCOASAA.
  1251 | D:1      | 1251 ||| READING 2 scrolls of identify.
  1251 | D:1      | 1251 ||| IDENTIFYING viscous dark potion
  1345 | D:2      | 1345 ||| Stepping ~*~*~tactically~*~*~ (stealth).
  1368 | D:2      | Identified the +6 mace of Peace {heavy, Str+3}
  1370 | D:2      | 1370 ||| DROPPING +0 whip.
  1543 | D:2      | Reached XP level 4. HP: 28/28 MP: 4/4
  1621 | D:2      | Noticed Natasha
  1622 | D:2      | 1622 ||| Stepping ~*~*~tactically~*~*~ (hiding).
  1623 | D:2      | 1623 ||| Stepping ~*~*~tactically~*~*~ (hiding).
  1628 | D:2      | Killed Natasha
  1629 | D:2      | Reached skill level 4 in Axes
  1705 | D:2      | Noticed Natasha
  1716 | D:2      | Killed Natasha
  1964 | D:2      | 1964 ||| UPGRADING to +0 plate armour.
  1974 | D:2      | 1974 ||| DROPPING +0 scale mail.
  1975 | D:2      | 1975 ||| READING scroll labelled IMEKIO YHUI.
  1976 | D:2      | 1976 ||| READING scroll labelled TUESHU DAOSO.
  1977 | D:2      | 1977 ||| DRINKING 2 amethyst potions.
  1978 | D:2      | 1978 ||| READING 2 scrolls of identify.
  1978 | D:2      | 1978 ||| IDENTIFYING coppery potion
  1983 | D:3      | 1983 ||| PLANNING SEWER
  1984 | D:3      | 1984 ||| Stepping ~*~*~tactically~*~*~ (hiding).
  1992 | D:3      | Reached XP level 5. HP: 31/32 MP: 5/5
  2005 | D:3      | Reached skill level 5 in Axes
  2064 | D:3      | 2064 ||| Stepping ~*~*~tactically~*~*~ (hiding).
  2066 | D:3      | 2066 ||| Stepping ~*~*~tactically~*~*~ (hiding).
  2067 | D:3      | 2067 ||| Stepping ~*~*~tactically~*~*~ (hiding).
  2068 | D:3      | 2068 ||| Stepping ~*~*~tactically~*~*~ (hiding).
  2236 | D:3      | Reached XP level 6. HP: 38/38 MP: 6/6
  2321 | D:3      | 2321 ||| Stepping ~*~*~tactically~*~*~ (stealth).
  2645 | D:3      | 2645 ||| RIP SEWER
  2732 | D:3      | 2732 ||| PLANNING D:1-11
  2993 | D:3      | Found a shadowy altar of Dithmenos.
  2993 | D:3      | Found a hide-covered altar of Uskayaw.
  2993 | D:3      | Found a sacrificial altar of Ru.
  3001 | D:3      | Found an ornate altar of the Wu Jian Council.
  3001 | D:3      | Found an iron altar of Okawaru.
  3001 | D:3      | Found a shimmering altar of Xom.
  3002 | D:3      | 3002 ||| PLANNING OKAWARU WORSHIP
  3003 | D:3      | 3003 ||| DRINKING potion of curing.
  3003 | D:3      | 3003 ||| (to cure confusion)
  3004 | D:3      | Found a broken altar of Ashenzari.
  3004 | D:3      | Found a stormy altar of Qazlal.
  3004 | D:3      | Found an opulent altar of Gozag.
  3005 | D:3      | Noticed Ijyb
  3034 | D:3      | HP: 9/38 [something (4)]
  3040 | D:3      | Killed Ijyb
  3055 | D:3      | HP: 9/38 [orc wizard/+0 dagger (1)]
  3176 | D:3      | 3176 ||| UPGRADING to +5 ring of evasion.
  3177 | D:3      | 3177 ||| READING 3 scrolls labelled YNOTHO WUDA.
  3178 | D:3      | 3178 ||| READING 2 scrolls of enchant armour.
  3178 | D:3      | 3178 ||| ENCHANTING +0 plate armour.
  3179 | D:3      | 3179 ||| READING scroll of enchant armour.
  3179 | D:3      | 3179 ||| ENCHANTING +1 plate armour.
  3180 | D:3      | 3180 ||| READING 2 scrolls labelled SUAPRULLY BOWALO.
  3357 | D:3      | Found a sparkling altar of Nemelex Xobeh.
  3357 | D:3      | Found a shimmering blue altar of Sif Muna.
  3357 | D:3      | Found a radiant altar of Vehumet.
  3361 | D:3      | Became a worshipper of Warmaster Okawaru
  3361 | D:3      | 3361 ||| PLANNING D:1-11
  3419 | D:3      | 3419 ||| Stepping ~*~*~tactically~*~*~ (stealth).
  3450 | D:3      | 3450 ||| Stepping ~*~*~tactically~*~*~ (hiding).
  3451 | D:3      | 3451 ||| Stepping ~*~*~tactically~*~*~ (hiding).
  3453 | D:3      | 3453 ||| Stepping ~*~*~tactically~*~*~ (hiding).
  3454 | D:3      | 3454 ||| Stepping ~*~*~tactically~*~*~ (hiding).
  3652 | D:4      | Noticed Eustachio
  3671 | D:4      | Killed Eustachio
  3672 | D:4      | Reached skill level 6 in Axes
  3672 | D:4      | Reached XP level 7. HP: 33/43 MP: 7/7
  3967 | D:4      | Noticed Edmund
  3976 | D:4      | Killed Edmund
  3977 | D:4      | Reached skill level 7 in Axes
  4041 | D:4      | 4041 ||| DROPPING +6 mace of Peace {heavy, Str+3}.
  4497 | D:4      | 4497 ||| UPGRADING to +0 cloak of willpower.
  4502 | D:4      | 4502 ||| READING scroll labelled VEALIR JEUNGIJUTZ.
  4502 | D:4      | Identified a scroll of acquirement
  4502 | D:4      | 4502 ||| ACQUIRING +1 pair of boots of rampaging
  4502 | D:4      | Acquired a +1 pair of boots of rampaging
  4504 | D:4      | 4504 ||| UPGRADING to +1 pair of boots of rampaging.
  4509 | D:4      | 4509 ||| READING scroll labelled QORAUPL KYBEZAL.
  4510 | D:4      | 4510 ||| READING 2 scrolls of identify.
  4510 | D:4      | 4510 ||| IDENTIFYING puce potion
  4511 | D:4      | 4511 ||| DROPPING potion of berserk rage.
  4523 | D:5      | Entered Level 5 of the Dungeon
  4524 | D:5      | 4524 ||| PLANNING OSSUARY
  4525 | D:5      | Noticed Blork the orc
  4541 | D:5      | Killed Blork the orc
  4541 | D:5      | Reached * piety under Okawaru
  4542 | D:5      | 4542 ||| INVOKING Heroism.
  4543 | D:5      | 4543 ||| INVOKING Heroism.
  4632 | D:5      | Found a sand-covered staircase.
  4636 | D:5      | Noticed Grinder
  4637 | D:5      | 4637 ||| INVOKING Heroism.
  4637 | D:5      | Paralysed by Grinder for 3 turns
  4642 | D:5      | Killed Grinder
  4643 | D:5      | Reached XP level 8. HP: 49/49 MP: 5/8
  4644 | Ossuary  | Entered an ossuary
  4708 | Ossuary  | 4708 ||| Stepping ~*~*~tactically~*~*~ (stealth).
  4709 | Ossuary  | 4709 ||| Stepping ~*~*~tactically~*~*~ (stealth).
  4726 | Ossuary  | Reached skill level 1 in Invocations
  4981 | Ossuary  | 4981 ||| READING scroll labelled CEOFUO RONK.
  4982 | Ossuary  | 4982 ||| DRINKING 2 fuming dark potions.
  4983 | Ossuary  | 4983 ||| READING 6 scrolls of identify.
  4983 | Ossuary  | 4983 ||| IDENTIFYING clear potion
  4984 | Ossuary  | 4984 ||| DROPPING potion of brilliance.
  4985 | Ossuary  | 4985 ||| DROPPING potion of degeneration.
  5005 | D:5      | 5005 ||| PLANNING D:1-11
  5051 | D:5      | Found a runed translucent door.
  5055 | D:5      | 5055 ||| INVOKING Heroism.
  5115 | D:5      | Reached skill level 1 in Throwing
  5143 | D:5      | 5143 ||| READING scroll of enchant armour.
  5143 | D:5      | 5143 ||| ENCHANTING +1 pair of boots of rampaging.
  5223 | D:5      | Found a glowing golden altar of the Shining One.
  5224 | D:5      | Found a burning altar of Makhleb.
  5225 | D:5      | Found a bloodstained altar of Trog.
  5226 | D:5      | Found a blossoming altar of Fedhas.
  5269 | D:5      | Reached skill level 3 in Invocations
  5344 | D:5      | Found a runed translucent door.
  5456 | D:5      | 5456 ||| READING scroll labelled SEMIPHEFEU.
  5516 | D:6      | Found Nebb's Book Shoppe.
  5573 | D:6      | 5573 ||| INVOKING Heroism.
  5649 | D:6      | 5649 ||| READING scroll of enchant weapon.
  5649 | D:6      | 5649 ||| ENCHANTING +1 war axe.
  5781 | D:6      | 5781 ||| INVOKING Heroism.
  5788 | D:6      | Reached XP level 9. HP: 49/54 MP: 9/12
  6043 | D:6      | Found Ynnuoni's General Store.
  6081 | D:6      | Reached skill level 8 in Axes
  6238 | D:6      | 6238 ||| READING scroll labelled QEOWOE NUAHUM.
  6239 | D:6      | 6239 ||| READING scroll labelled ITIL GUNIABE.
  6240 | D:6      | 6240 ||| READING scroll labelled XUMAVI KOBA.
  6268 | D:7      | 6268 ||| Stepping ~*~*~tactically~*~*~ (hiding).
  6362 | D:7      | 6362 ||| Stepping ~*~*~tactically~*~*~ (hiding).
  6364 | D:7      | 6364 ||| Stepping ~*~*~tactically~*~*~ (hiding).
  6446 | D:7      | 6446 ||| INVOKING Heroism.
  6449 | D:7      | Reached skill level 6 in Fighting
  6477 | D:7      | Found a staircase to the Ecumenical Temple.
  6504 | D:7      | 6504 ||| INVOKING Heroism.
  6586 | D:7      | 6586 ||| INVOKING Heroism.
  6793 | D:7      | 6793 ||| INVOKING Heroism.
  7184 | D:7      | Noticed Duvessa
  7185 | D:7      | 7185 ||| INVOKING Heroism.
  7187 | D:7      | Noticed Dowan
  7188 | D:7      | Killed Duvessa
  7189 | D:7      | Reached skill level 9 in Axes
  7197 | D:7      | Killed Dowan
  7272 | D:7      | 7272 ||| READING 7 scrolls of identify.
  7272 | D:7      | 7272 ||| IDENTIFYING fuming pink potion
  7354 | D:8      | 7354 ||| INVOKING Heroism.
  7374 | D:8      | 7374 ||| DROPPING +0 heavy flail.
  7747 | D:8      | Reached skill level 6 in Armour
  7747 | D:8      | 7747 ||| INVOKING Heroism.
  7941 | D:8      | 7941 ||| Stepping ~*~*~tactically~*~*~ (hiding).
  7944 | D:8      | 7944 ||| INVOKING Heroism.
  8051 | D:8      | 8051 ||| Stepping ~*~*~tactically~*~*~ (hiding).
  8053 | D:8      | 8053 ||| INVOKING Heroism.
  8062 | D:8      | Reached XP level 10. HP: 43/63 MP: 11/13
  8062 | D:8      | 8062 ||| Stepping ~*~*~tactically~*~*~ (cloud).
  8276 | D:8      | 8276 ||| READING scroll labelled GAADIA YLITSEPLO.
  8656 | D:9      | 8656 ||| Stepping ~*~*~tactically~*~*~ (hiding).
  8659 | D:9      | 8659 ||| Stepping ~*~*~tactically~*~*~ (stealth).
  8696 | D:9      | 8696 ||| Stepping ~*~*~tactically~*~*~ (hiding).
  8717 | D:9      | 8717 ||| INVOKING Heroism.
  8721 | D:9      | Reached skill level 10 in Axes
  8818 | D:9      | Found a staircase to the Lair.
  8850 | D:9      | Reached ** piety under Okawaru
  8877 | D:9      | 8877 ||| INVOKING Heroism.
  8896 | D:9      | 8896 ||| Stepping ~*~*~tactically~*~*~ (hiding).
  9363 | D:9      | 9363 ||| PLANNING LAIR
  9363 | D:9      | 9363 ||| UPGRADING to ring of protection from cold.
  9365 | D:9      | 9365 ||| DROPPING ring of magical power.
  9366 | D:9      | 9366 ||| READING 9 scrolls of identify.
  9366 | D:9      | 9366 ||| IDENTIFYING emerald potion
  9367 | D:9      | 9367 ||| DROPPING potion of ambrosia.
  9402 | Lair:1   | Entered Level 1 of the Lair of Beasts
  9483 | Lair:1   | 9483 ||| Stepping ~*~*~tactically~*~*~ (stealth).
  9484 | Lair:1   | 9484 ||| Stepping ~*~*~tactically~*~*~ (stealth).
  9486 | Lair:1   | 9486 ||| Stepping ~*~*~tactically~*~*~ (stealth).
  9493 | Lair:1   | 9493 ||| INVOKING Heroism.
  9623 | Lair:1   | Noticed a cane toad
  9624 | Lair:1   | 9624 ||| INVOKING Heroism.
  9635 | Lair:1   | Killed a cane toad
  9636 | Lair:1   | Reached skill level 11 in Axes
  9636 | Lair:1   | Reached XP level 11. HP: 68/68 MP: 12/14
  9638 | Lair:1   | 9638 ||| Stepping ~*~*~tactically~*~*~ (stealth).
  9639 | Lair:1   | 9639 ||| Stepping ~*~*~tactically~*~*~ (stealth).
  9646 | Lair:1   | Reached *** piety under Okawaru
  9663 | Lair:1   | 9663 ||| Stepping ~*~*~tactically~*~*~ (stealth).
  9665 | Lair:1   | 9665 ||| INVOKING Heroism.
  9707 | Lair:1   | 9707 ||| INVOKING Heroism.
  9713 | Lair:1   | Reached skill level 9 in Fighting
  9727 | Lair:1   | Noticed a lindwurm
  9728 | Lair:1   | 9728 ||| Stepping ~*~*~tactically~*~*~ (hiding).
  9729 | Lair:1   | 9729 ||| Stepping ~*~*~tactically~*~*~ (hiding).
  9735 | Lair:1   | 9735 ||| INVOKING Heroism.
  9748 | Lair:1   | Killed a lindwurm
  9757 | Lair:1   | Noticed Maggie
  9758 | Lair:1   | 9758 ||| Stepping ~*~*~tactically~*~*~ (stealth).
  9762 | Lair:1   | 9762 ||| Stepping ~*~*~tactically~*~*~ (stealth).
  9775 | Lair:1   | Killed Maggie
  9867 | Lair:1   | 9867 ||| SWAPPING to +0 broad axe.
  9871 | Lair:1   | 9871 ||| INVOKING Heroism.
  9882 | Lair:1   | Received a gift from Okawaru
  9883 | Lair:1   | 9883 ||| DROPPING +2 war axe.
  9888 | Lair:1   | 9888 ||| READING 8 scrolls of identify.
  9888 | Lair:1   | 9888 ||| IDENTIFYING dark potion
  9889 | Lair:1   | 9889 ||| DROPPING potion of enlightenment.
  9894 | Lair:1   | 9894 ||| INVOKING Heroism.
  9951 | Lair:1   | 9951 ||| INVOKING Heroism.
 10038 | Lair:1   | 10038 ||| Stepping ~*~*~tactically~*~*~ (stealth).
 10040 | Lair:1   | 10040 ||| Stepping ~*~*~tactically~*~*~ (stealth).
 10067 | Lair:1   | Reached skill level 12 in Axes
 10176 | Lair:1   | 10176 ||| INVOKING Heroism.
 10192 | Lair:1   | Reached skill level 6 in Shields
 10213 | Lair:1   | 10213 ||| Stepping ~*~*~tactically~*~*~ (stealth).
 10214 | Lair:1   | 10214 ||| Stepping ~*~*~tactically~*~*~ (stealth).
 10225 | Lair:1   | Reached **** piety under Okawaru
 10241 | Lair:1   | 10241 ||| INVOKING Heroism.
 10308 | Lair:1   | 10308 ||| INVOKING Heroism.
 10318 | Lair:1   | Reached skill level 9 in Armour
 10384 | Lair:1   | 10384 ||| INVOKING Heroism.
 10433 | Lair:1   | 10433 ||| INVOKING Heroism.
 10494 | Lair:1   | 10494 ||| Stepping ~*~*~tactically~*~*~ (stealth).
 10725 | Lair:1   | Noticed an eight-headed hydra
 10726 | Lair:1   | 10726 ||| INVOKING Heroism.
 10729 | Lair:1   | 10729 ||| SWAPPING to +0 morningstar.
 10741 | Lair:1   | Killed an eight-headed hydra
 10742 | Lair:1   | Reached XP level 12. HP: 36/77 MP: 13/16
 10742 | Lair:1   | 10742 ||| FLEEEEING.
 10743 | Lair:1   | 10743 ||| SWAPPING to +0 broad axe.
 10753 | Lair:1   | 10753 ||| INVOKING Heroism.
 10755 | Lair:1   | HP: 17/77 [elephant (9)]
 10756 | Lair:1   | 10756 ||| READING 7 scrolls of teleportation.
 10989 | Lair:1   | 10989 ||| DROPPING amulet of magic regeneration.
 11113 | Lair:2   | Found a staircase to the Snake Pit.
 11121 | Lair:2   | Reached skill level 6 in Invocations
 11175 | Lair:2   | Found a transporter.
 11184 | Lair:2   | 11184 ||| INVOKING Heroism.
 11357 | Lair:2   | Noticed a catoblepas
 11358 | Lair:2   | 11358 ||| INVOKING Heroism.
 11380 | Lair:2   | Killed a catoblepas
 11383 | Lair:2   | 11383 ||| Stepping ~*~*~tactically~*~*~ (stealth).
 11423 | Lair:2   | 11423 ||| INVOKING Heroism.
 11545 | Lair:2   | 11545 ||| INVOKING Heroism.
 11665 | Lair:2   | 11665 ||| READING scroll of enchant weapon.
 11665 | Lair:2   | 11665 ||| ENCHANTING +0 broad axe.
 11840 | Lair:2   | 11840 ||| INVOKING Heroism.
 11957 | Lair:2   | 11957 ||| Stepping ~*~*~tactically~*~*~ (stealth).
 11983 | Lair:2   | 11983 ||| INVOKING Heroism.
 12093 | Lair:2   | Noticed Sonja
 12100 | Lair:2   | 12100 ||| Stepping ~*~*~tactically~*~*~ (hiding).
 12104 | Lair:2   | 12104 ||| INVOKING Heroism.
 12112 | Lair:2   | Killed Sonja
 12113 | Lair:2   | Reached skill level 13 in Axes
 12216 | Lair:2   | Found a transporter.
 12574 | Lair:2   | 12574 ||| READING 9 scrolls of identify.
 12574 | Lair:2   | 12574 ||| IDENTIFYING bubbling dark potion
 12575 | Lair:2   | 12575 ||| READING 8 scrolls of identify.
 12575 | Lair:2   | 12575 ||| IDENTIFYING fizzy orange potion
 12654 | Lair:3   | 12654 ||| INVOKING Heroism.
 12730 | Lair:3   | 12730 ||| INVOKING Heroism.
 12734 | Lair:3   | Noticed an eight-headed hydra
 12737 | Lair:3   | Noticed an eight-headed hydra
 12743 | Lair:3   | 12743 ||| SWAPPING to +0 morningstar.
 12746 | Lair:3   | Noticed a seven-headed hydra
 12749 | Lair:3   | HP: 18/77 [cane toad (7)]
 12750 | Lair:3   | 12750 ||| READING 6 scrolls of teleportation.
 12751 | Lair:3   | 12751 ||| DRINKING 2 potions of heal wounds.
 12753 | Lair:3   | HP: 1/77 [eight-headed hydra (8)]
 12754 | Lair:3   | 12754 ||| DRINKING potion of heal wounds.
 12756 | Lair:3   | 12756 ||| SWAPPING to +1 broad axe.
 12761 | Lair:3   | 12761 ||| SWAPPING to +0 morningstar.
 12763 | Lair:3   | Killed an eight-headed hydra
 12764 | Lair:3   | HP: 11/77 [eight-headed hydra (9)]
 12764 | Lair:3   | HP: 2/77 [seven-headed hydra (6)]
 12764 | Lair:3   | Slain by a seven-headed hydra

Levels and vault maps discovered:
D:1:      kb_arrival_jail, layout_loops_ring, serial_shops, shop,
          dilly_ecumenical_altar_fadedgnrine, nicolae_kite_square_tiling_tiny
D:2:      layout_basic, uniq_natasha
D:3:      cheibrodos_old_hovel, layout_basic, nicolae_overflows_in_rows,
          cheibrodos_sewer_entry_sluice, st_stairs_10,
          minmay_randomly_rotated_circles, uniq_ijyb
D:4:      kb_forest_paths, layout_basic, uniq_eustachio, uniq_edmund
D:5:      lemuel_insect_pit, layout_rooms, mainiacjoe_overflow_alcove_3,
          enter_ossuary_1, uniq_grinder, uniq_blork_the_orc
D:6:      layout_basic, serial_shops, nicolae_shop_behind_doors,
          nicolae_shop_trees, kennysheep_generic_room_8
D:7:      layout_basic, minmay_temple_entry_butterflies, uniq_duvessa
D:8:      layout_basic, st_stairs_8, minmay_strange_pillars
D:9:      layout_roguey, david_lair_generic, serial_aquarium,
          aquarium_bridge_long_joined [aquarium_subvault_wall,
          aquarium_subvault_window, aquarium_subvault_window,
          aquarium_subvault_bridge, aquarium_subvault_bridge,
          aquarium_subvault_bridge], aquarium_window_fake, aquarium_window_1,
          aquarium_window_fake, aquarium_window_fake, aquarium_view_2b,
          aquarium_view_2e, dreamdust_wishing_well, roderic_serpentine_path,
          minivault_1
Lair:1:   layout_regular_city, minmay_shattered_shrine, uniq_maggie
Lair:2:   gammafunk_worm_tunnel, layout_cave_pods,
          minmay_snake_entry_guardpost_small, serial_bayou_shore_b, uniq_sonja
Lair:3:   layout_gridlike, palyth_hydra_swamp_entry,
          nicolae_quartered_pool_super, serial_bayou_pond_e, serial_bayou_ford_a

Skill      XL: |  1  2  3  4  5  6  7  8  9 10 11 12 |
---------------+-------------------------------------+-----
Axes           | 2 3 4 5 6 7 9 11 12 13 | 13.4
Fighting       | 4 5 7 8 9 10 | 10.0
Armour         | 4 5 6 7 9 |  9.0
Dodging        | 2 |  2.4
Invocations    | 4 5 8 |  8.1
Throwing       | 1 2 |  2.8
Shields        | 4 5 6 |  6.0

Action                     |  1- 3 |  4- 6 |  7- 9 | 10-12 || total
---------------------------+-------+-------+-------+-------++-------
  Melee: War axe           |   120 |   197 |   365 |   201 ||   883
         Broad axe         |       |       |       |   316 ||   316
         Morningstar       |       |       |       |    24 ||    24
  Throw: Boomerang         |    26 |    31 |     2 |    94 ||   153
         Javelin           |       |       |    23 |     6 ||    29
 Invoke: Heroism           |       |       |    14 |    26 ||    40
    Use: Scroll            |     4 |     7 |    12 |     8 ||    31
         Potion            |       |     2 |     1 |     2 ||     5
   Stab: Petrified         |       |       |       |     3 ||     3
 Armour: Scale mail        |    68 |    24 |       |       ||    92
         Plate armour      |       |   201 |   199 |   403 ||   803
  Dodge: Dodged            |    55 |    86 |   180 |   345 ||   666
  Block: Buckler           |    19 |    44 |    56 |   172 ||   291

Table legend:
 A = Non-vault XP
 B = Vault XP
 C = Vault XP percentage of total XP
 D = Non-vault monster count
 E = Vault monster count
 F = Vault count percentage of total count
                 A         B        C        D         E       F
            +---------+---------+-------+---------+---------+-------
      Total |   19388 |   10135 |  34.3 |     231 |      74 |  24.3
            +---------+---------+-------+---------+---------+-------
        D:1 |      52 |       0 |   0.0 |      30 |       0 |   0.0
        D:2 |      71 |      35 |  33.0 |      15 |       1 |   6.2
        D:3 |     241 |     102 |  29.7 |      32 |      15 |  31.9
        D:4 |      14 |     360 |  96.3 |       6 |       8 |  57.1
        D:5 |     614 |     341 |  35.7 |      12 |       2 |  14.3
        D:6 |     854 |     122 |  12.5 |      12 |       1 |   7.7
        D:7 |     705 |     216 |  23.5 |      24 |       2 |   7.7
        D:8 |     842 |      40 |   4.5 |      18 |       1 |   5.3
        D:9 |    1325 |     725 |  35.4 |      25 |       4 |  13.8
     Lair:1 |    7489 |    5161 |  40.8 |      32 |      15 |  31.9
     Lair:2 |    6814 |    1410 |  17.1 |      24 |       5 |  17.2
     Lair:3 |     367 |    1471 |  80.0 |       1 |       4 |  80.0
    Ossuary |       0 |     152 | 100.0 |       0 |      16 | 100.0
            +---------+---------+-------+---------+---------+-------
